 Dungeon Crawl Stone Soup version 0.25.0-9-g26727b657a (webtiles) character file.

Game seed: 6552416623897632788

6 shadizar the Chiller (level 1, 0/12 HPs)
             Began as a Gargoyle Ice Elementalist on June 18, 2020.
             Slain by a kobold
             ... wielding a cursed -2 short sword
              (2 damage)
             ... on level 1 of the Dungeon.
             The game lasted 00:00:24 (79 turns).

shadizar the Chiller (Gargoyle Ice Elementalist)      Turns: 79, Time: 00:00:24

Health: 0/12       AC:  4    Str: 11    XL:     1   Next: 90%
Magic:  1/3        EV: 12    Int: 15    God:
Gold:   0          SH:  0    Dex: 10    Spells: 3/4 levels left

rFire    . . .     SeeInvis .   (no weapon)
rCold    . . .     Gourm    .   (no shield)
rNeg     + . .     Faith    .   a - +0 robe
rPois    ∞         Spirit   .   (no helmet)
rElec    +         Reflect  .   (no cloak)
rCorr    .         Harm     .   (no gloves)
MR       .....                  (no boots)
Stlth    ++........             (no amulet)
HPRegen  0.04/turn              (no ring)
MPRegen  0.08/turn              (no ring)

@: very slightly contaminated
A: negative energy resistance 1, electricity resistance, unbreathing,
petrification resistance, rot immunity, AC +2
a: no special abilities


You were on level 1 of the Dungeon.
You were not hungry.

You visited 1 branch of the dungeon, and saw 1 of its levels.

Inventory:

Armour
 a - a +0 robe (worn)
 b - a +0 ring mail
Comestibles
 c - a ration


   Skills:
 * Level 1.5 Fighting
 - Level 1.5 Dodging
 - Level 2.1 Stealth
 - Level 2.0 Spellcasting
 - Level 4.0 Ice Magic


You had 3 spell levels left.
You knew the following spells:

 Your Spells              Type           Power        Failure   Level  Hunger
a - Freeze                Ice            ##..         4%          1    #......

Your spell library contained the following spells:

 Spells                   Type           Power        Failure   Level  Hunger
 Frozen Ramparts          Ice            ##....       13%         3    ###....
 Ozocubu's Armour         Chrm/Ice       #.......     28%         3    ###....
 Hailstorm                Conj/Ice       #.......     67%         4    #####..
 Summon Ice Beast         Ice/Summ       #.......     67%         4    #####..


Dungeon Overview and Level Annotations

Branches:
Dungeon (1/15)

Altars:


Innate Abilities, Weirdness & Mutations

You are resistant to torment.
Your stone body is resilient. (AC +2)
You are immune to poison.
You resist negative energy. (rN+)
You are resistant to electric shocks. (rElec)
You can survive without breathing.
You are immune to petrification.
You are immune to rotting.


Message History

Aim: a giant cockroach (moderately wounded)
You freeze the giant cockroach.
You kill the giant cockroach!
Casting: Freeze (safe; 4% risk of failure)
Confirm with . or Enter, or press ? or * to list all spells.
Aiming: Freeze (safe; 4% risk of failure)
Press: ? - help, Shift-Dir - straight line, f - kobold
Aim: a kobold, wielding a -2 short sword You miscast Freeze.
You are very lightly contaminated with residual magic.
Nothing appears to happen.
The kobold hits you with a cursed -2 short sword.
* * * LOW HITPOINT WARNING * * *
Casting: Freeze (safe; 4% risk of failure)
Confirm with . or Enter, or press ? or * to list all spells.
Okay, then.
You barely miss the kobold. The kobold closely misses you.
You hit the kobold but do no damage.
The kobold hits you with a cursed -2 short sword.
You die...

#..# #.## ... #.. #..#
....≈ #### #.###.## ##
....# +.≈###..#...# ..
≈#...# #.≈≈# #...#.## .#
≈#.#.####.≈≈####..#..# ..#
#......#...≈#≈≈#.###.#...#
#......'...≈#≈.'K##......#
.......'..<≈#≈.'@##.#.#..#
.#≈....#...≈#≈≈#......# .#
≈##..####.≈≈####..###....#
≈≈#..# #.≈≈###...# ....#
≈....# +.≈###..### #...#
....≈# ######.## ...#
...≈≈# ##..# .>.#
#.≈≈≈#######..## #.#
..≈≈###......#......


You could see a kobold.

Vanquished Creatures
  A dart slug (D:1)
  A giant cockroach (D:1)
  A hobgoblin (D:1)
  A rat (D:1)
4 creatures vanquished.

Notes
Turn   | Place    | Note
-------+----------+-------------------------------------------
     0 | D:1      | shadizar the Gargoyle Ice Elementalist began the quest for
                  | the Orb.
     0 | D:1      | Reached XP level 1. HP: 10/10 MP: 3/3
    67 | D:1      | Reached skill level 1 in Fighting
    79 | D:1      | Slain by a kobold

Illustrated notes

Levels and vault maps discovered:
D:1:      denvon_arrival_waterhouse, layout_basic

Skill      XL: |  1 |
---------------+----+-----
Fighting       | 1 |  1.5
Dodging        | |  1.5
Stealth        | |  2.1
Spellcasting   | |  2.0
Ice Magic      | |  4.0

Action                   || total
-------------------------++-------
Melee: Unarmed           ||    26
 Cast: Freeze            ||     1
Armor: Robe              ||     3
Dodge: Dodged            ||    20
